 Dungeon Crawl Stone Soup version 0.28.0 (webtiles) character file.

Game seed: 2204120883782687883

181 Hasart the Skirmisher (level 5, -2/45 HPs)
             Began as a Demigod Fighter on Feb 16, 2022.
             Succumbed to an orc's poison
             ... on level 3 of the Dungeon.
             The game lasted 00:02:41 (1836 turns).

Hasart the Skirmisher (Demigod Fighter)             Turns: 1836, Time: 00:02:42

Health: -2/45      AC: 12    Str: 21    XL:     5   Next: 11%
Magic:  7/7        EV:  7    Int: 10    God:
Gold:   97         SH:  4    Dex: 13    Spells: 4/4 levels left

rFire   . . .      SeeInvis .   m - +2 war axe (freeze)
rCold   + + .      Faith    .   c - +0 buckler
rNeg    . . .      Spirit   .   n - +0 chain mail
rPois   .          Reflect  .   (helmet restricted)
rElec   .          Harm     .   f - +2 cloak
rCorr   .          Rampage  .   (no gloves)
Will    +....                   (no boots)
Stlth   ..........              (no amulet)
HPRegen 0.15/turn               o - ring of protection from cold
MPRegen 0.10/turn               b - ring of willpower

@: lethally poisoned (-2 -> -15), flying, invisible
A: high MP 1, forlorn, divine attributes, antennae 1, camouflage 1, cold
resistance 1, MP-powered wands
a: no special abilities


You were on level 3 of the Dungeon.
You visited 1 branch of the dungeon, and saw 3 of its levels.

You collected 97 gold pieces.

Inventory:

Hand Weapons
 a - a +0 war axe
 m - a +2 war axe of freezing (weapon)
Missiles
 g - 2 boomerangs (quivered)
Armour
 c - a +0 buckler (worn)
 f - a +2 cloak (worn)
 n - a +0 chain mail (worn)
Jewellery
 b - a ring of willpower (right hand)
 o - a ring of protection from cold (left hand)
Scrolls
 h - a scroll of identify {unknown}
 i - a scroll of magic mapping {unknown}
 j - a scroll of blinking {unknown}
Potions
 d - 2 potions of might
 k - a potion of invisibility


   Skills:
 + Level 3.3 Fighting
 * Level 3.0 Axes
 + Level 1.3 Throwing
 + Level 3.2 Armour
 + Level 1.5 Dodging
 + Level 3.2 Shields


You had 4 spell levels left.
You didn't know any spells.
Your spell library contained the following spells:

 Spells                   Type           Power      Damage    Failure   Level
 Conjure Flame            Conj/Fire      0%         6-21      100%        3
 Ignite Poison            Fire/Tmut/Pois 0%         N/A       100%        3
 Sticky Flame             Conj/Fire      0%         2d3       100%        4


Dungeon Overview and Level Annotations

Branches:
Dungeon (3/15)

Shops:
D:2 [


Innate Abilities, Weirdness & Mutations

You have an increased reservoir of magic. (+10% MP)
You shall have no god before yourself.
Your divine heritage dramatically boosts your attributes as you level up.
You have a pair of small antennae on your head.
Your skin changes colour to match your surroundings (Stealth+).
Your flesh is cold resistant. (rC+)
You expend magic power (3 MP) to strengthen your wands.


Message History

* * * LOW HITPOINT WARNING * * *
You completely miss something.
An orc wizard appears from thin air!
Reactivating autopickup.
The orc wizard closely misses you.
The orc wizard hits you but does no damage.
You hit the orc wizard but do no damage.
The orc wizard barely misses you.
You closely miss the orc wizard.
The orc wizard hits you but does no damage.
You slash the orc wizard! You freeze the orc wizard.
You kill the orc wizard!
Your Axes skill increases to level 3!
You have reached level 5!
Press: ? - help, v - describe, . - travel, g - get item
Here: an orc, wielding a +1 short sword of venom
Items here: ( )))))) [[[[ ††††.
The floor, spattered with blood.
The orc hits you but does no damage.
You are lethally poisoned!
There is a stone staircase leading down here.
* * * LOW HITPOINT WARNING * * *
You feel very sick.
It was a potion of invisibility.
You fade into invisibility!
* * * LOW HITPOINT WARNING * * *
You feel sick. The orc hits you but does no damage.
You are more poisoned.
It was a potion of flight.
You feel very buoyant.
You fly up into the air.
* * * LOW HITPOINT WARNING * * *
You feel very sick. You block the orc's attack.
Unknown command.
It was a potion of mutation.
You feel extremely strange.
You feel resistant to cold.
You feel your magical essence link to the dungeon's wands.
Your skin functions as natural camouflage.
A pair of antennae grows on your head!
You die...

#..# #..## ...
# #.#
...##.##)##
......))..#
...<#####.# .
#o# #@#
#.#########
####..........
#.##..########
#..#..#
#.....####
#..........
#..#####...
##.# ##


You could see an orc.

Vanquished Creatures
  Terence (D:2)
  3 orc wizards (D:3)
  3 gnolls (D:2)
  A worm (D:2)
  5 orcs
  2 bats (D:1)
  4 endoplasms
  4 giant cockroaches
  4 goblins
  3 hobgoblins
  A quokka (D:1)
  5 ball pythons
  2 frilled lizards (D:1)
  6 kobolds
  A rat (D:2)
  A spectral goblin (D:2)
46 creatures vanquished.

Notes
Turn   | Place    | Note
-------+----------+-------------------------------------------
     0 | D:1      | Hasart the Demigod Fighter began the quest for the Orb.
     0 | D:1      | Reached XP level 1. HP: 18/18 MP: 3/3
   192 | D:1      | Reached XP level 2. HP: 25/25 MP: 4/4
   787 | D:2      | Found Xofoj's Armour Shoppe.
  1136 | D:2      | Reached XP level 3. HP: 30/30 MP: 5/5
  1156 | D:2      | Noticed Terence
  1167 | D:2      | Killed Terence
  1168 | D:2      | Reached skill level 1 in Dodging
  1168 | D:2      | Reached XP level 4. HP: 12/38 MP: 6/6
  1802 | D:3      | Reached skill level 1 in Throwing
  1830 | D:3      | Reached XP level 5. HP: 9/45 MP: 7/7
  1835 | D:3      | HP: 1/45 [poisoned by an orc]
  1836 | D:3      | Gained mutation: Your flesh is cold resistant. (rC+)
                  | [potion of mutation]
  1836 | D:3      | Gained mutation: You expend magic power (3 MP) to
                  | strengthen your wands. [potion of mutation]
  1836 | D:3      | Gained mutation: Your skin changes colour to match your
                  | surroundings (Stealth+). [potion of mutation]
  1836 | D:3      | Gained mutation: You have a pair of small antennae on your
                  | head. [potion of mutation]
  1836 | D:3      | Succumbed to an orc's poison

Illustrated notes

Levels and vault maps discovered:
D:1:      sevenhm_arrival_forest_fort_large_2, layout_basic
D:2:      layout_basic, dreamdust_ecumenical_altar_drowned_temple, serial_shops,
          shop_fountains, uniq_terence
D:3:      layout_loops_ring, elyvilon_altar_3, nicolae_ru_the_path_less_chosen,
          mainiacjoe_overflow_small_starburst,
          amcnicky_mini_rare_corridor_liquid

Skill      XL: |  1  2  3  4 |
---------------+-------------+-----
Axes           | 2 3 |  3.0
Fighting       | 3 |  3.3
Shields        | 3 |  3.2
Armour         | 3 |  3.2
Dodging        | 1 |  1.5
Throwing       | 1 |  1.3

Action                   |  1- 3 |  4- 6 || total
-------------------------+-------+-------++-------
Melee: War axe           |    83 |    42 ||   125
Throw: Boomerang         |       |     1 ||     1
  Use: Potion            |       |     3 ||     3
Armor: Scale mail        |    36 |     1 ||    37
       Chain mail        |       |    22 ||    22
Dodge: Dodged            |    33 |     8 ||    41
Block: Buckler           |    19 |     5 ||    24
